Map: Odyssée EC

Players

Berricade

  • Race: Terran Terran
  • League: Diamond
  • Spawn Location: 11:00

zidar - Winner!

  • Race: Zerg Zerg
  • League: Gold
  • Spawn Location: 5:00

VOD

Have the link to the VOD?

Description

Time

  • Played on: June 26, 2017, 8:02 a.m.
  • Length: 10:17
Show
View Real Time Build Order
Export as new Build Order

Berricade Terran 

Build Orders:  

Get SALT Encoding   

  12  0:02  SCV  
  13  0:15  SCV  
  13  0:20  Supply Depot  
  14  0:26  Refinery  
  14  0:34  Refinery  
  14  0:37  SCV  
  15  1:07  Barracks  
  15  1:12  SCV  
  15  1:13  Supply Depot  
  16  1:24  SCV  
  17  1:55  Factory  
  17  1:58  SCV  
  18  2:02  Marine  
  19  2:10  SCV  
  20  2:23  Marine, SCV  
  22  2:34  Command Center  
  22  2:39  Factory Reactor  
  22  2:46  Armory  
  22  3:00  Orbital Command  
  22  3:21  Hellion x2  
  26  3:31  Supply Depot  
  26  3:37  Terran Vehicle Weapons Level 1  
  26  3:42  Hellion x2  
  30  4:04  Hellion x2  
  34  4:25  Hellion x2  
  34  4:26  Starport  
  38  4:46  Hellion  
  38  4:47  Hellion  
  42  5:08  Hellion x2  
  36  5:29  Hellion x2  
  37  5:51  Hellion x2  
  28  6:12  Hellion x2  
  28  6:15  Starport Reactor  
  32  6:19  Orbital Command  
  32  6:21  SCV  
  33  6:33  SCV, Hellion  
  33  6:34  Hellion  
  33  6:35  Terran Vehicle Weapons Level 2  
  38  6:45  SCV x2  
  40  6:52  Medivac x2  
  44  6:55  Hellion x2  
  44  6:57  SCV x2  
  50  7:09  SCV x2  
  52  7:16  Hellion  
  52  7:21  Supply Depot  
  54  7:23  Supply Depot  
  54  7:43  SCV x2, Hellion x2, Medivac  
  62  7:44  Medivac  
  62  7:46  Supply Depot  
  62  7:48  Supply Depot  
  64  7:55  SCV x2  
  62  8:04  Hellion x2  
  66  8:07  SCV  
  67  8:13  Medivac  
  67  8:14  Medivac  
  71  8:26  Hellion x2  
  59  8:43  Medivac  
  59  8:44  Medivac  
  59  8:47  Hellion x2  
  51  9:08  Factory  
  45  9:33  Barracks  
  45  9:34  Barracks  
  45  9:36  Barracks x2  
Show
View Real Time Build Order
Export as new Build Order

zidar Zerg - Winner!

Build Orders: Hatch First 

Get SALT Encoding   

  12  0:02  Drone  
  13  0:12  Overlord  
  13  0:18  Drone  
  14  0:30  Drone x2  
  16  0:52  Hatchery  
  16  0:53  Drone  
  16  0:57  Extractor  
  16  0:59  Drone  
  16  1:17  Spawning Pool  
  15  1:20  Drone  
  16  1:31  Drone x2  
  18  1:34  Drone  
  19  2:03  Metabolic Boost  
  19  2:06  Queen x2  
  23  2:09  Drone  
  24  2:15  Overlord  
  24  2:19  Drone  
  25  2:32  Drone x3  
  28  2:48  Baneling Nest  
  28  2:50  Drone x2  
  28  2:51  Drone  
  30  2:54  Drone  
  31  3:06  Overlord  
  31  3:11  Pneumatized Carapace  
  31  3:17  Zergling x6  
  31  3:18  Zergling x2  
  35  3:31  Lair  
  35  3:32  Drone x5  
  40  3:43  Evolution Chamber  
  40  3:45  Evolution Chamber  
  37  4:00  Roach Warren  
  36  4:05  Extractor  
  35  4:37  Hatchery  
  34  4:40  Roach x5  
  44  5:00  Overlord  
  44  5:01  Overlord x3  
  34  5:22  Roach  
  34  5:23  Roach x6  
  26  6:02  Roach  
  26  6:03  Roach x3  
  32  6:09  Queen  
  34  6:11  Queen  
  36  6:33  Roach x4  
  36  6:38  Drone  
  45  6:53  Roach x3  
  51  7:03  Ravager  
  51  7:06  Roach  
  51  7:08  Roach  
  56  7:31  Extractor  
  55  7:37  Drone x4  
  55  7:38  Drone x6  
  65  8:06  Roach  
  65  8:07  Roach x4  
  65  8:09  Ravager  
  76  8:15  Overlord x5  
  62  9:43  Roach x6  
Tags
 
Matchup
TvZ
Spawn Locations
Cross Positions
Add a new tag
Caveats
  • Supply blocks, unpowered buildings, or Contaminate may cause inaccurate times.
  • Supply counts are checked every 10 seconds.